 Dungeon Sprint DCSS version 0.29-a0-824-gd827844252 (webtiles) character file.

Game seed: 10057164134796389516

51 mhtbhm the Shield-Bearer (level 4, -8/39 HPs)
             Began as a Formicid Fighter on July 10, 2022.
             Mangled by a water elemental (16 damage)
             ... in the Dungeon (Sprint III: "The Ten Rune Challenge").
             The game lasted 00:00:56 (110 turns).

mhtbhm the Shield-Bearer (Formicid Fighter)          Turns: 110, Time: 00:00:57

Health: -8/39      AC:  7    Str: 23    XL:     4   Next: 7%
Magic:  4/4        EV:  9    Int:  7    God:
Gold:   0          SH:  5    Dex: 13    Spells: 3/3 levels left

rFire   . . .      SeeInvis +   a - +0 trident
rCold   . . .      Faith    .   c - +0 buckler
rNeg    . . .      Spirit   .   b - +0 scale mail
rPois   .          Reflect  .   (helmet unavailable)
rElec   .          Harm     .   (no cloak)
rCorr   .          Rampage  .   (no gloves)
Will    .....                   (no boots)
Stlth   ..........              (no amulet)
HPRegen 0.13/turn               (no ring)
MPRegen 0.09/turn               (no ring)

@: mighty
A: permanent stasis, dig shafts and tunnels, antennae 3, four strong arms
a: Dig


You were in the Dungeon.
You visited 1 branch

Inventory:

Hand Weapons
 a - a +0 trident (weapon)
Armour
 b - a +0 scale mail (worn)
 c - a +0 buckler (worn)
Potions
 g - 2 potions of magic
 h - a potion of lignification {unknown}


   Skills:
 + Level 5.3 Fighting
 + Level 3.2 Polearms
 + Level 5.4 Armour
 + Level 0.1 Dodging
 + Level 6.2 Shields


You had 3 spell levels left.
You didn't know any spells.
Your spell library was empty.

Dungeon Overview and Level Annotations

Branches:
Dungeon (1/1)

Altars:


Innate Abilities, Weirdness & Mutations

You cannot be hasted, slowed, berserked, paralysed or teleported.
You can dig through walls and to a lower floor.
You have a pair of large antennae on your head. (SInv)
Your four strong arms can wield two-handed weapons with a shield.


Message History

You block the human's attack.
You puncture the human!
The human is heavily wounded.
The human hits you. You block the human's attack.
You puncture the human!
The human is almost dead.
The human hits you.
You closely miss the human.
The human is almost dead.
The human hits you.
You puncture the human!
You kill the human!
Your Fighting skill increases to level 5!
Your Polearms skill increases to level 3!
Your Armour skill increases to level 5!
Your Shields skill increases to level 6!
Unknown command.
A phantom comes into view.
You reach to attack!
You barely miss the phantom. You puncture the phantom!
You destroy the phantom!
You have reached level 4!
You feel stronger.
Unknown command.
You open the door.
A water elemental comes into view.
The water elemental moves out of view.
The water elemental hits you!!
* * * LOW HITPOINT WARNING * * *
The water elemental engulfs you in water!
There is an open door to the Ecumenical Temple, spattered with blood here.
Unknown command.
You slip free of the water engulfing you.
You gasp with relief as air once again reaches your lungs.
Unknown command.
You feel better. You block the water elemental's attack.
You puncture the water elemental!
The water elemental is moderately damaged.
The water elemental hits you!
You die...

▓▓▓▓▓▓▓▓ ▓▓▓ <..#...####
##.# ...#......## #..#
..##...)...# #..#{
##.##.##...# #..###+#+##
##.##.###..# +#..#.......
#.####.##..# #..@E.⌠.....
.###..##..####...#...####
#.....##..###....#.⌠.#
###†.##...##.....#...# {
##..##....#......#+###{
#..###..##.#.....# {{
#(.# #..#####....# ▓▓▓▓
▓▓▓▓ ▓▓▓▓▓▓ {


You could see a water elemental.

Vanquished Creatures
  Jessica (D)
  A human (D)
  A phantom (D)
  An endoplasm (D)
  2 rats (D)
6 creatures vanquished.

Notes
Turn   | Place    | Note
-------+----------+-------------------------------------------
     0 | D        | mhtbhm the Formicid Fighter began the quest for the Orb.
     0 | D        | Reached XP level 1. HP: 18/18 MP: 1/1
    42 | D        | Noticed Jessica
    45 | D        | Killed Jessica
    46 | D        | Reached skill level 5 in Shields
    46 | D        | Reached XP level 2. HP: 26/26 MP: 2/2
    46 | D        | Reached XP level 3. HP: 32/32 MP: 3/3
    95 | D        | Reached skill level 5 in Fighting
    95 | D        | Reached skill level 5 in Armour
    95 | D        | Reached skill level 6 in Shields
   101 | D        | Reached XP level 4. HP: 20/39 MP: 4/4
   106 | D        | Noticed a water elemental
   110 | D        | Mangled by a water elemental

Illustrated notes

Levels and vault maps discovered:
D:        dungeon_sprint_mu [sprint_mu_entry_cave, sprint_mu_temple_rooms,
          sprint_mu_d1_spiders, sprint_mu_d2_genie, sprint_mu_d3_branching,
          sprint_mu_orc_legion, sprint_mu_elf_gauntlet, sprint_mu_hive_nellie,
          sprint_mu_lair_fedhas, sprint_mu_vaults_butterflies,
          sprint_mu_slime_circle, sprint_mu_swamp_cave, sprint_mu_shoals_kraken,
          sprint_mu_blade_basic, sprint_mu_crypt_chambers,
          sprint_mu_tomb_spiral, sprint_mu_vestibule_basic,
          sprint_mu_gehenna_hellfire, sprint_mu_dis_giant,
          sprint_mu_tartarus_statrot, sprint_mu_cocytus_islands, sprint_mu_zot1]

Skill      XL: |  1  2  3 |
---------------+----------+-----
Fighting       | 4 5 |  5.3
Armour         | 4 5 |  5.4
Shields        | 5 6 |  6.2
Polearms       | 3 |  3.2
Dodging        | |  0.1

Action                   |  1- 3 |  4- 6 || total
-------------------------+-------+-------++-------
Melee: Trident           |    26 |     1 ||    27
 Abil: Dig               |     1 |       ||     1
  Use: Potion            |     2 |     1 ||     3
Armor: Scale mail        |     1 |       ||     1
Dodge: Dodged            |     7 |       ||     7
Block: Buckler           |     5 |     1 ||     6

Table legend: (Time is in decaauts)
 A = Elapsed time spent in this place.
 B = Non-inter-level travel time spent in this place.
 C = Inter-level travel time spent in this place.
 D = Time resting spent in this place.
 E = Time spent auto-exploring this place.
 F = Levels seen in this place.
 G = Mean time per level.
                   A        B        C        D        E       F      G
               +--------+--------+--------+--------+--------+-----+--------+
         Total |    114 |    114 |      0 |      0 |     38 |   1 |  114.0 |
       Dungeon |    114 |    114 |      0 |      0 |     38 |   1 |  114.0 |
               +--------+--------+--------+--------+--------+-----+--------+

Top non-repeatable levels by time:
       D: 114 daAuts
